 Dungeon Crawl Stone Soup version 0.31-a0-217-g58bb5d79cf (webtiles) character file.

Game seed: 9574443861008759488

499 qw the Shooter (level 7, -1/44 HPs)
             Began as a Gargoyle Hexslinger on July 2, 2023.
             Was an Initiate of Okawaru.
             Slain by a wight
             ... wielding a +0 halberd
              (8 damage)
             ... on level 5 of the Dungeon.
             The game lasted 00:01:25 (4042 turns).

qw the Shooter (Gargoyle Hexslinger)                Turns: 4042, Time: 00:01:26

Health: -1/44      AC: 13    Str: 11    XL:     7   Next: 16%
Magic:  8/8        EV: 10    Int: 14    God:    Okawaru [......]
Gold:   928        SH:  0    Dex: 20    Spells: 7/8 levels left

rFire   . . .        Y - +2 sling (drain)
rCold   . . .        (no shield)
rNeg    + . .        e - +0 ring mail
rPois   inf          (no helmet)
rElec   +            (no cloak)
rCorr   .            h - +2 pair of gloves
SInv    .            (no boots)
Will    +....        b - amulet of the acrobat
Stlth   +            a - +6 ring of dexterity
HPRegen 0.27/turn    f - ring of willpower
MPRegen 0.11/turn

%: acrobat
@: about to teleport
A: sickness immunity, AC +4, negative energy resistance 1, electricity
resistance, torment resistance 1, petrification resistance
a: Renounce Religion


You were on level 5 of the Dungeon.
You worshipped Okawaru.
Okawaru was noncommittal.
You visited 2 branches of the dungeon, and saw 6 of its levels.

You collected 928 gold pieces.


Innate Abilities, Weirdness & Mutations

You are immune to sickness and miasma.
Your stone body is resilient. (AC +4)
You are immune to poison.
You resist negative energy. (rN+)
You are resistant to electric shocks. (rElec)
You are resistant to unholy torment.
You are immune to petrification.


   Skills:
 - Level 4.8 Fighting
 + Level 6.0 Ranged Weapons
 - Level 1.0 Armour
 - Level 1.5 Dodging
 - Level 1.0 Spellcasting
 - Level 2.6 Hexes


You had 7 spell levels left.
You knew the following spells:

 Your Spells              Type           Power      Damage    Failure   Level
a - Slow                  Hex            32%        N/A       21%         1

Your spell library contained the following spells:

 Spells                   Type           Power      Damage    Failure   Level
 Inner Flame              Hex/Fire       4%         N/A       71%         3
 Portal Projectile        Hex/Tloc       8%         N/A       71%         3
 Cause Fear               Hex            4%         N/A       90%         4

Inventory:

Hand Weapons
 Y - a +2 sling of draining (weapon)
Armour
 e - a +0 ring mail (worn)
 h - a +2 pair of gloves (worn)
Jewellery
 a - a +6 ring of dexterity (left hand)
 b - an amulet of the acrobat (around neck)
 f - a ring of willpower (right hand)
Scrolls
 c - 3 scrolls of teleportation
 g - 5 scrolls of identify
Potions
 d - 2 potions of lignification {unknown}
 k - a potion of haste

Dungeon Overview and Level Annotations

Branches:
Dungeon (5/15)             Temple (1/1) D:4

Altars:
Cheibriados
Dithmenos
Elyvilon
Fedhas
Gozag
Hepliaklqana
Kikubaaqudgha
Okawaru
Ru
Trog
Uskayaw
Wu Jian
Xom
Yredelemnul
Zin
The Shining One


Message History

You shoot a sling bullet.
The sling bullet hits the wight but does no damage.
You shoot a sling bullet. The sling bullet hits the wight.
The wight is lightly damaged.
You shoot a sling bullet.
The sling bullet barely misses the wight.
You shoot a sling bullet.
The sling bullet closely misses the wight.
You shoot a sling bullet. The sling bullet hits the wight.
The wight is lightly damaged.
You shoot a sling bullet.
The sling bullet hits the wight but does no damage.
The wight is lightly damaged.
The wight hits you with a +0 great sword.
You shoot a sling bullet.
The sling bullet closely misses the wight.
The wight closely misses you. x2; The wight barely misses you.
The wight hits you with a +0 great sword!
The wight barely misses you.
You shoot a sling bullet.
The sling bullet completely misses the wight.
The wight closely misses you. The wight barely misses you.
The wight hits you with a +0 great sword.
You shoot a sling bullet.
The sling bullet hits the wight but does no damage.
The wight is lightly damaged.
The wight barely misses you.
The wight hits you from afar with a +0 halberd.
The wight hits you with a +0 great sword.
You shoot a sling bullet. The sling bullet hits the wight.
The wight is moderately damaged.
The wight barely misses you.
The wight hits you from afar with a +0 halberd!
The wight closely misses you.
4042 ||| READING 4 scrolls of teleportation.
As you read the scroll of teleportation, it crumbles to dust.
You feel strangely unstable.
The wight hits you with a +0 great sword.
The wight hits you from afar with a +0 halberd!
You die...

...........#...........<#
...........#.........###....
.##........#...#..... ....
+.....#...'........ ....
###......##........ ....
........+........# ....
.........#.####.... ....
...##+#+##.# ... .... #@# ..
#...zzz# . .....#### ....
... .. .


You could see 3 wights.

Vanquished Creatures
  A water moccasin (D:5)
  A scorpion (D:4)
  A hound (D:4)
  A jelly (D:4)
  An orc priest (D:3)
  A sleepcap (D:4)
  Jessica (D:2)
  2 orc wizards (D:4)
  4 adders
  An ufetubus (D:4)
  A worm (D:2)
  3 dart slugs
  20 orcs
  7 endoplasms
  3 giant cockroaches
  6 goblins
  8 hobgoblins
  3 jackals (D:1)
  3 kobolds
  A quokka (D:4)
  4 ball pythons
  5 bats
  2 frilled lizards
  5 rats
85 creatures vanquished.

Notes
Turn   | Place    | Note
-------+----------+-------------------------------------------
     0 | D:1      | qw the Gargoyle Hexslinger began the quest for the Orb.
     0 | D:1      | Reached XP level 1. HP: 12/12 MP: 2/2
     0 | D:1      | 0 ||| qw: Version: 0.3-a-40-ge99b1a8
     0 | D:1      | 0 ||| qw: Game counter: 120
     0 | D:1      | 0 ||| qw: Melee chars always use a shield: true
     0 | D:1      | 0 ||| qw: God list: Okawaru
     0 | D:1      | 0 ||| qw: Allow faded altars: false
     0 | D:1      | 0 ||| qw: Do Orc after clearing Dungeon:15 true
     0 | D:1      | 0 ||| qw: Do second Lair branch before Depths: true
     0 | D:1      | 0 ||| qw: Lair rune preference: random
     0 | D:1      | 0 ||| qw: Goals: Normal
     0 | D:1      | 0 ||| PLANNING D:1-11
   109 | D:1      | 109 ||| FLEEEEING.
   311 | D:1      | Reached XP level 2. HP: 16/16 MP: 3/3
   638 | D:1      | Reached skill level 3 in Ranged Weapons
   938 | D:1      | 938 ||| UPGRADING to +0 ring mail.
   948 | D:1      | 948 ||| DROPPING +0 robe.
   949 | D:1      | 949 ||| READING scroll labelled BYPSUETYMN.
   949 | D:1      | Identified a scroll of acquirement
   949 | D:1      | 949 ||| ACQUIRING 638 gold pieces
   949 | D:1      | Acquired 638 gold pieces
   951 | D:1      | 951 ||| READING scroll labelled HALAGA HEGGUIDDO.
   952 | D:1      | 952 ||| READING 2 scrolls labelled QICASYDUNU.
   953 | D:1      | 953 ||| DROPPING scroll of poison.
   976 | D:2      | 976 ||| STAIRDANCE
   987 | D:1      | Reached XP level 3. HP: 14/21 MP: 4/4
  1185 | D:2      | HP: 3/21 [worm (7)]
  1396 | D:2      | Noticed Jessica
  1401 | D:2      | Killed Jessica
  1402 | D:2      | Reached XP level 4. HP: 14/26 MP: 5/5
  1769 | D:2      | 1769 ||| UPGRADING to amulet of the acrobat.
  1774 | D:2      | 1774 ||| UPGRADING to +6 ring of dexterity.
  1775 | D:2      | 1775 ||| DROPPING ring of magical power.
  1776 | D:2      | 1776 ||| READING 3 scrolls labelled ACOBYX ZIHIARU.
  1812 | D:3      | Found a faded altar of an unknown god.
  1830 | D:3      | Reached skill level 4 in Ranged Weapons
  2099 | D:3      | Reached skill level 1 in Armour
  2106 | D:3      | Reached XP level 5. HP: 27/30 MP: 6/6
  2146 | D:3      | Found a blossoming altar of Fedhas.
  2529 | D:3      | 2529 ||| UPGRADING to +2 pair of gloves.
  2534 | D:3      | 2534 ||| UPGRADING to ring of willpower.
  2535 | D:3      | 2535 ||| READING scroll labelled VOWKINWIHIY.
  2536 | D:3      | 2536 ||| READING scroll labelled IRHY TOXTOGEOGH.
  2537 | D:3      | 2537 ||| READING 2 scrolls labelled ATZEUNN MOKKER.
  2538 | D:3      | 2538 ||| DROPPING scroll of fear.
  2672 | D:4      | Reached skill level 5 in Ranged Weapons
  2824 | D:4      | HP: 5/30 [orc/+0 trident (7)]
  2825 | D:4      | 2825 ||| READING 4 scrolls of teleportation.
  2972 | D:4      | Reached skill level 3 in Fighting
  2972 | D:4      | Reached XP level 6. HP: 29/37 MP: 7/7
  3506 | D:4      | Reached skill level 6 in Ranged Weapons
  3676 | D:4      | Found a staircase to the Ecumenical Temple.
  3677 | D:4      | 3677 ||| PLANNING TEMPLE
  3749 | D:4      | 3749 ||| DROPPING +2 pair of gloves.
  3750 | D:4      | 3750 ||| READING scroll labelled DIFYMO KYTHEUMP.
  3751 | D:4      | 3751 ||| READING scroll labelled OZXIFUOVYB.
  3752 | D:4      | 3752 ||| READING scroll labelled FOIS OLOYTEEMN.
  3753 | D:4      | 3753 ||| DRINKING 2 grey potions.
  3754 | D:4      | 3754 ||| READING 5 scrolls of identify.
  3754 | D:4      | 3754 ||| IDENTIFYING lumpy blue potion
  3755 | D:4      | 3755 ||| DROPPING potion of brilliance.
  3761 | Temple   | Entered the Ecumenical Temple
  3762 | Temple   | 3762 ||| PLANNING OKAWARU WORSHIP
  3777 | Temple   | Became a worshipper of Warmaster Okawaru
  3778 | Temple   | 3778 ||| PLANNING D:1-11
  3910 | D:5      | Entered Level 5 of the Dungeon
  3999 | D:5      | Noticed a water moccasin
  4007 | D:5      | Killed a water moccasin
  4008 | D:5      | Reached XP level 7. HP: 44/44 MP: 8/8
  4041 | D:5      | HP: 10/44 [wight/+0 halberd (8)]
  4042 | D:5      | 4042 ||| READING 4 scrolls of teleportation.
  4042 | D:5      | Slain by a wight

Levels and vault maps discovered:
D:1:      dpeg_arrival_arbitrary_b, layout_loops_corners, minivault_23
D:2:      layout_basic, uniq_jessica
D:3:      layout_loops_ring, fedhas_ov_isle_minmay,
          shapermc_ecumenical_altar_rom_forum, minmay_misc_feat_doors,
          roderic_serpentine_path
D:4:      layout_loops_corners, minmay_temple_entry_fiery, st_stairs_10,
          nrook_uturn
D:5:      layout_basic
Temple:   minmay_freezing_vapour_temple

Skill      XL: |  1  2  3  4  5  6 |
---------------+-------------------+-----
Ranged Weapons | 3 4 5 6 |  6.0
Fighting       | 2 3 4 |  4.8
Armour         | 1 |  1.0
Dodging        | |  1.5
Spellcasting   | |  1.0
Hexes          | |  2.6

Action                     |  1- 3 |  4- 6 |  7- 9 || total
---------------------------+-------+-------+-------++-------
   Fire: Sling             |   119 |   218 |    10 ||   347
    Use: Scroll            |     3 |     9 |     1 ||    13
         Potion            |       |     1 |       ||     1
 Armour: Robe              |    17 |       |       ||    17
         Ring mail         |    15 |    79 |       ||    94
  Dodge: Dodged            |    30 |    86 |     9 ||   125

Table legend:
 A = Non-vault XP
 B = Vault XP
 C = Vault XP percentage of total XP
 D = Non-vault monster count
 E = Vault monster count
 F = Vault count percentage of total count
                 A         B        C        D         E       F
            +---------+---------+-------+---------+---------+-------
      Total |     667 |      46 |   6.5 |      81 |       4 |   4.7
            +---------+---------+-------+---------+---------+-------
        D:1 |      42 |       0 |   0.0 |      17 |       0 |   0.0
        D:2 |      24 |      37 |  60.7 |      12 |       1 |   7.7
        D:3 |      76 |       0 |   0.0 |      17 |       0 |   0.0
        D:4 |     360 |       9 |   2.4 |      31 |       3 |   8.8
        D:5 |     165 |       0 |   0.0 |       4 |       0 |   0.0
            +---------+---------+-------+---------+---------+-------
